 Dungeon Crawl Stone Soup version 0.25-a0-591-g2ad0d86 (webtiles) character file.

Game seed: 5182461470698957663, levelgen mode: deterministic

16 HallandMoats the Skirmisher (level 2, -3/24 HPs)
             Began as a Mummy Monk on Mar 15, 2020.
             Slain by a gnoll
             ... wielding a +0 halberd
              (5 damage)
             ... on level 1 of the Dungeon.
             The game lasted 00:01:21 (890 turns).

HallandMoats the Skirmisher (Mummy Monk)             Turns: 890, Time: 00:01:22

Health: -3/24      AC:  6    Str: 14    XL:     2   Next: 37%
Magic:  2/2        EV: 10    Int:  9    God:
Gold:   12         SH:  0    Dex: 14    Spells: 1/1 levels left

rFire    x . .     SeeInvis .   a - +0 mace
rCold    + . .     Gourm    .   (no shield)
rNeg     + + +     Faith    .   b - +0 scale mail
rPois    ∞         Spirit   .   (no helmet)
rElec    .         Reflect  .   (no cloak)
rCorr    .         Harm     .   (no gloves)
MR       .....                  (no boots)
Stlth    ..........             (no amulet)
HPRegen  0.08/turn              (no ring)
MPRegen  0.08/turn              (no ring)

@: no status effects
A: no food or potions, fire vulnerability, cold resistance 1, negative energy
resistance 3, torment resistance, unbreathing
a: no special abilities


You were on level 1 of the Dungeon.
You were not hungry.

You visited 1 branch of the dungeon, and saw 1 of its levels.

You collected 12 gold pieces.

Inventory:

Hand Weapons
 a - a +0 mace (weapon)
Missiles
 c - a throwing net (quivered)
Armour
 b - a +0 scale mail (worn)
Jewellery
 d - an uncursed ring of wizardry {unknown}
Scrolls
 e - 4 scrolls of identify {unknown}
 f - a scroll of teleportation {unknown}


   Skills:
 * Level 3.2 Fighting
 * Level 2.6 Maces & Flails
 + Level 0.4 Armour
 + Level 2.5 Dodging
 - Level 1.5 Stealth


You had one spell level left.
You didn't know any spells.
Your spell library was empty.

Dungeon Overview and Level Annotations

Branches:
Dungeon (1/15)

Altars:


Innate Abilities, Weirdness & Mutations

You do not eat or drink.
Your flesh is vulnerable to fire.
You are immune to poison.
Your flesh is cold resistant. (rC+)
You are immune to negative energy. (rN+++)
You are immune to unholy pain and torment.
You can survive without breathing.


Message History

You hit the gnoll.
The gnoll is moderately wounded.
The gnoll struggles against the net.
The net rips apart, and the gnoll comes free!
You closely miss the gnoll.
The gnoll is moderately wounded.
The gnoll hits you with a +0 halberd!
You hit the gnoll.
The gnoll is moderately wounded.
The gnoll hits you with a +0 halberd.
You hit the gnoll.
The gnoll is severely wounded.
The gnoll hits you with a +0 halberd.
* * * LOW HITPOINT WARNING * * *
The gnoll misses you. The gnoll barely misses you.
You closely miss the gnoll.
The gnoll is severely wounded.
The gnoll hits you with a +0 halberd.
You die...

#...............#
#.###########.#.##
#.# ##.###.# #.#
#.## ##. ##.##
##.###.#
####...######
##.#.##
#....[..b...#
##..##
#.##...####.#
#..## #.###@##
######..## #.# #g#
#.......## #.# #.#
#.#####.#. #.# #.#
#.# #.... #.# #.#
#.# #.#..
#.###.#####.#.#
#....
#.[.........#.#
####.
#####.#######.#
#.. #.# #.# #..


You could see a gnoll and a bat.

Vanquished Creatures
  2 bats (D:1)
  2 giant cockroaches (D:1)
  A goblin (D:1)
  5 hobgoblins (D:1)
  3 frilled lizards (D:1)
13 creatures vanquished.

Notes
Turn   | Place    | Note
-------+----------+-------------------------------------------
     0 | D:1      | HallandMoats the Mummy Monk began the quest for the Orb.
     0 | D:1      | Reached XP level 1. HP: 18/18 MP: 1/1
   325 | D:1      | Reached XP level 2. HP: 21/24 MP: 2/2
   890 | D:1      | Slain by a gnoll

Levels and vault maps discovered:
D:1:      lemuel_arrival_cross, layout_loops_ring, minmay_tetromino_t4

Action                   || total
-------------------------++-------
Melee: Mace              ||    47
Throw: Throwing net      ||     1
Armor: Scale mail        ||    31
       Robe              ||     3
Dodge: Dodged            ||    44

Table legend:
 A = Non-vault XP
 B = Vault XP
 C = Vault XP percentage of total XP
 D = Non-vault monster count
 E = Vault monster count
 F = Vault count percentage of total count
                 A         B        C        D         E       F
            +---------+---------+-------+---------+---------+-------
      Total |      20 |       3 |  13.0 |      11 |       2 |  15.4
            +---------+---------+-------+---------+---------+-------
        D:1 |      20 |       3 |  13.0 |      11 |       2 |  15.4
            +---------+---------+-------+---------+---------+-------
